General information
- name: BNet
- type: Ladder 1vs1/FFA
- host: Battle.net
- saver: iLikePom
map: TirisfalGlades
- players: 2
- length: 27:14
- speed: Fast
- version: 1.26 W3XP
- replay type: Public
» download(75 KB)
Players
team 1 (winner)
iLikePom (
yellow | 63 APM | 1718 actions | 27:14)
10 Blademaster
3 Wind Walk
3 Critical Strike
1 Bladestorm
3 Mirror Image
» actions
| Assign group hotkey | 47 | |
| Basic commands | 29 | |
| Build / train | 100 | |
| ESC pressed | 2 | |
| Enter build submenu | 41 | |
| Enter hero's abilities submenu | 10 | |
| Give item / drop item | 2 | |
| Right click | 757 | |
| Select / deselect | 242 | |
| Select group hotkey | 339 | |
| Use ability | 149 | |
1718 total
» units
| Peon | 20 | |
| Wind Rider | 5 | |
| Troll Witch Doctor | 1 | |
| Troll Batrider | 17 | |
43 total
» upgrades
| Ranged Weapons | 3 | |
| Witch Doctor Training | 2 | |
| Reinforced Defenses | 1 | |
| Liquid Fire | 1 | |
| Armor | 2 | |
| Berserker Strength | 1 | |
| Troll Regeneration | 1 | |
| Shaman Training | 1 | |
| Spiked Barricades | 1 | |
13 total
» buildings
| Altar of Storms | 1 | |
| Orc Burrow | 6 | |
| Voodoo Lounge | 1 | |
| War Mill | 2 | |
| Stronghold | 3 | |
| Beastiary | 3 | |
| Spirit Lodge | 1 | |
| Great Hall | 1 | |
| Watch Tower | 21 | |
| Fortress | 1 | |
| Barracks | 1 | |
41 total
» build order
00:05 Altar of Storms
00:18 Orc Burrow
00:58 Voodoo Lounge
01:26 War Mill
01:40 Orc Burrow
02:45 Stronghold
02:45 Stronghold
04:25 Orc Burrow
05:08 Beastiary
05:12 Beastiary
06:59 Orc Burrow
08:06 Spirit Lodge
08:47 Great Hall
09:27 Watch Tower
09:28 Watch Tower
09:31 Watch Tower
09:31 Watch Tower
09:32 Watch Tower
09:58 Fortress
10:30 Watch Tower
10:31 Watch Tower
10:32 Watch Tower
10:36 Watch Tower
11:57 Watch Tower
11:58 Watch Tower
12:00 Orc Burrow
12:20 Watch Tower
12:24 Watch Tower
12:24 Watch Tower
12:27 Watch Tower
14:51 Beastiary
18:25 Watch Tower
18:26 Watch Tower
18:27 Watch Tower
18:28 Watch Tower
18:29 Watch Tower
19:41 Barracks
20:00 War Mill
20:35 Watch Tower
22:50 Orc Burrow
» items
| Lesser Clarity Potion | 5 | |
| Healing Salve | 1 | |
| Boots of Speed | 1 | |
| Potion of Mana | 1 | |
| Orb of Lightning | 1 | |
| Tiny Great Hall | 1 | |
10 total
team 2 (loser)
bulldogg (
green | 39 APM | 1054 actions | 27:13)
2 Mountain King
1 Storm Bolt
1 Bash
1 Paladin
1 Holy Light
» actions
| Build / train | 78 | |
| Enter build submenu | 27 | |
| Enter hero's abilities submenu | 3 | |
| Remove unit from queue | 9 | |
| Right click | 371 | |
| Select / deselect | 496 | |
| Use ability | 70 | |
1054 total
» units
| Peasant | 17 | |
| Footman | 5 | |
| Gryphon Rider | 18 | |
| Dragonhawk Rider | 4 | |
| Knight | 2 | |
46 total
» upgrades
| Masonry | 2 | |
| Lumber Harvesting | 1 | |
| Plating | 1 | |
| Swords | 2 | |
| Armor | 1 | |
7 total
» buildings
| Farm | 8 | |
| Scout Tower | 7 | |
| Altar of Kings | 1 | |
| Lumber Mill | 1 | |
| Barracks | 1 | |
| Keep | 1 | |
| Guard Tower | 4 | |
| Blacksmith | 1 | |
| Castle | 1 | |
| Gryphon Aviary | 2 | |
| Arcane Vault | 1 | |
| Town Hall | 1 | |
29 total
» build order
01:00 Farm
01:05 Scout Tower
01:11 Scout Tower
01:30 Altar of Kings
01:50 Lumber Mill
02:06 Barracks
02:47 Farm
02:50 Keep
02:59 Guard Tower
03:03 Scout Tower
04:20 Scout Tower
04:24 Scout Tower
04:53 Farm
04:54 Guard Tower
05:43 Scout Tower
05:46 Scout Tower
05:47 Guard Tower
06:01 Blacksmith
06:22 Guard Tower
07:00 Castle
07:19 Farm
07:50 Castle
09:04 Gryphon Aviary
09:41 Gryphon Aviary
10:06 Arcane Vault
10:35 Farm
11:24 Farm
15:04 Farm
15:47 Farm
16:38 Town Hall
» items
| Ivory Tower | 3 | |
| Scroll of Regeneration | 1 | |
4 total
Chat log
(16:49 / All) iLikePom: are you even looking?
(17:32 / All) iLikePom: i swear human players are borderline retarded
(18:20 / All) iLikePom: and youre STILL making the same kind of unit
(18:21 / All) iLikePom: ll
(18:22 / All) iLikePom: lol
(18:41 / All) bulldogg: what should i go then?
(18:45 / All) iLikePom: did your mom drop you or something?
(19:02 / All) iLikePom: the number of games youve played, if you still cant figure it out, you need to be put down
(19:17 / All) iLikePom: even if this was your first game, you shouldnt be this stupid
(21:06 / All) iLikePom: still creeping in astraight line
(21:07 / All) iLikePom: lol
(21:15 / All) iLikePom: amazing
(21:29 / All) iLikePom: did your mom do crack or something
(22:02 / All) iLikePom: now youre using a knight to counter air
(22:03 / All) iLikePom: wow
(22:27 / All) iLikePom: and what happens when your gold mine runs out
(22:29 / All) iLikePom: ragequit?
(22:39 / All) iLikePom: its like you dont even know that the map exists
(23:16 / All) iLikePom: over 400 games...
(23:19 / All) iLikePom: and youre this bad
(24:07 / All) iLikePom: 7 peons on a gold mine
(24:09 / All) iLikePom: after 400 games
(24:15 / All) iLikePom: if youre any older than 8, you must be retarded
(24:27 / All) iLikePom: and STILL no dust
(24:36 / All) bulldogg: dust?
(24:36 / All) iLikePom: dodged woohoo
(24:40 / All) iLikePom: dust
(24:43 / All) iLikePom: its a thing
(24:43 / All) iLikePom: you use
(24:44 / All) bulldogg: ?
(24:46 / All) iLikePom: to reveal invisible units
(24:55 / All) iLikePom: even if this was your first game you should know that
(25:05 / All) bulldogg: OH
(25:07 / All) bulldogg: i shoudl>??
(25:23 / All) iLikePom: unless youre drooling on your keyboard from all the pretty lights
(25:30 / All) iLikePom: which is possible
(25:42 / All) iLikePom: you gonna leave yet?
(26:34 / All) iLikePom: yep definitely drooling on keyboard